 Dungeon Crawl Stone Soup version 0.30.1-4-g462c640d31 (webtiles) character file.

Game seed: 17814613144409647572

1 spardeous the Shield-Bearer (level 1, -2/17 HPs)
             Began as a Gnoll Wanderer on Aug 24, 2023.
             Slain by a jackal (3 damage)
             ... on level 1 of the Dungeon.
             The game lasted 00:00:32 (95 turns).

spardeous the Shield-Bearer (Gnoll Wanderer)          Turns: 95, Time: 00:00:32

Health: -2/17      AC:  2    Str: 12    XL:     1   Next: 20%
Magic:  4/4        EV: 10    Int: 12    God:
Gold:   17         SH:  7    Dex:  9    Spells: 4/5 levels left

rFire   . . .        a - +0 dagger
rCold   . . .        c - +2 buckler
rNeg    . . .        e - +0 robe
rPois   .            (no helmet)
rElec   .            (no cloak)
rCorr   .            (no gloves)
SInv    .            (no boots)
Will    .....        (no amulet)
Stlth   +            (no ring)
HPRegen 0.22/turn    (no ring)
MPRegen 0.09/turn

%: no passive effects
@: hasted, very quick
A: fangs 1, strong nose, distributed training
a: no special abilities


You were on level 1 of the Dungeon.
You visited 1 branch of the dungeon, and saw 1 of its levels.

You collected 17 gold pieces.

Inventory:

Hand Weapons
 a - a +0 dagger (weapon)
Missiles
 b - 13 poisoned darts (quivered)
Armour
 c - a +2 buckler (worn)
 e - a +0 robe (worn)
Scrolls
 f - a scroll of amnesia {unknown}


   Skills:
 + Level 2.3 Fighting
 + Level 0.0 Short Blades
 + Level 0.0 Long Blades
 + Level 0.0 Axes
 + Level 0.0 Maces & Flails
 + Level 0.0 Polearms
 + Level 0.0 Staves
 + Level 0.0 Ranged Weapons
 + Level 2.3 Throwing
 + Level 2.3 Armour
 + Level 0.0 Dodging
 + Level 0.0 Stealth
 + Level 6.4 Shields
 + Level 0.0 Unarmed Combat
 + Level 2.6 Spellcasting
 + Level 0.0 Conjurations
 + Level 0.0 Hexes
 + Level 3.6 Summonings
 + Level 0.0 Necromancy
 + Level 0.0 Translocations
 + Level 0.0 Transmutations
 + Level 0.0 Fire Magic
 + Level 0.0 Ice Magic
 + Level 0.0 Air Magic
 + Level 0.0 Earth Magic
 + Level 0.0 Poison Magic
 + Level 2.3 Invocations
 + Level 0.0 Evocations


You had 4 spell levels left.
You knew the following spells:

 Your Spells              Type           Power      Damage    Failure   Level
a - Summon Small Mammal   Summ           40%        N/A       8%          1

Your spell library contained the following spells:

 Spells                   Type           Power      Damage    Failure   Level
 Summon Guardian Golem    Hex/Summ       5%         N/A       43%         3


Dungeon Overview and Level Annotations

Branches:
Dungeon (1/15)

Altars:


Innate Abilities, Weirdness & Mutations

You have very sharp teeth.
Your uncanny sense of smell can sniff out nearby items.
Your experience applies equally to all skills.


Message History

You hit the jackal but do no damage.
The jackal is lightly wounded.
You block the jackal's attack. You block the jackal's attack.
The jackal attacks as you move away!
The jackal bites you but does no damage.
Found a dagger and 13 gold pieces.
Found a robe.
The jackal attacks as you move away! The jackal bites you.
* * * LOW HITPOINT WARNING * * *
You take 1 damage, and have 6/17 hp.
You hit the jackal but do no damage. You bite the jackal, but do no damage.
You block the jackal's attack. The jackal bites you.
* * * LOW HITPOINT WARNING * * *
You take 3 damage, and have 3/17 hp.
You hit the jackal but do no damage. The jackal barely misses you.
You hit the jackal.
The jackal is lightly wounded.
The jackal bites you.
* * * LOW HITPOINT WARNING * * *
The jackal completely misses you.
You take 2 damage, and have 2/17 hp.
You hit the jackal but do no damage.
The jackal is lightly wounded.
You block the jackal's attack.
Unknown command.
You closely miss the jackal.
The jackal is lightly wounded.
The jackal barely misses you. x2
You hit the jackal. You bite the jackal, but do no damage.
The jackal is moderately wounded.
The jackal bites you.
* * * LOW HITPOINT WARNING * * *
You take 1 damage, and have 1/17 hp.
You hit the jackal but do no damage.
The jackal is moderately wounded.
The jackal closely misses you.
Unknown command.
You feel yourself speed up. The jackal bites you.
You die...

.. #......#)## .[
#.......... ##.
#.#....#.#
...#.#......#
#####.#.#.##...##
.......h.........
####.#h#..?.....
#h#h####### #@#h#.#.
#.#.#.#.#
####.#J..#.###+######
#.......#..).........
#.......+............
#.......#............
##......#.........(..
#......##...........
∆
#.........≈.≈≈≈≈≈.≈≈


You could see 3 jackals.

Vanquished Creatures
  A jackal (D:1)
1 creature vanquished.

Notes
Turn   | Place    | Note
-------+----------+-------------------------------------------
     0 | D:1      | spardeous the Gnoll Wanderer began the quest for the Orb.
     0 | D:1      | spardeous set off with the following items: a +0 dagger, 13
                  | poisoned darts, a +2 buckler, a potion of haste, a +0 robe;
                  | and the following spell memorised: Summon Small Mammal; and
                  | the following spells available to memorise: Summon Guardian
                  | Golem.
     0 | D:1      | Reached XP level 1. HP: 17/17 MP: 4/4
    95 | D:1      | Slain by a jackal

Illustrated notes

Levels and vault maps discovered:
D:1:      evilmike_arrival_hilbert_curve, layout_basic

Action                     || total
---------------------------++-------
  Melee: Dagger            ||    31
         Bite              ||     4
    Use: Potion            ||     1
 Armour: Robe              ||     7
  Dodge: Dodged            ||    22
  Block: Buckler           ||    10
